 Dungeon Crawl Stone Soup version 0.24-a0-251-g44e327ef01 (webtiles) character file.

Game seed: 2551621431169918470

1274 Redear the Shield-Bearer (level 8, 0/57 HPs)
             Began as an Octopode Fighter on Apr 17, 2019.
             Killed by divine providence
             ... invoked by an orc priest
              (12 damage)
             ... on level 5 of the Dungeon.
             The game lasted 00:05:43 (4451 turns).

Redear the Shield-Bearer (Octopode Fighter)         Turns: 4451, Time: 00:05:43

Health: 0/57       AC:  1    Str: 15    XL:     8   Next: 53%
Magic:  8/8        EV: 14    Int: 11    God:
Gold:   324        SH: 10    Dex: 13    Spells: 7/7 levels left

rFire    . . .     SeeInvis .   v - +9 hunting sling "Torch" {flame, +Inv rPois}
rCold    . . .     Gourm    .   b - +0 shield
rNeg     . . .     Faith    .   (helmet restricted)
rPois    +         Spirit   .   (no amulet)
rElec    .         Reflect  .   (no ring)
rCorr    .         Harm     .   (no ring)
MR       .....                  (no ring)
Stlth    ++........             (no ring)
HPRegen  0.19/turn              (no ring)
MPRegen  0.11/turn              (no ring)
                                (no ring)
                                (no ring)

@: no status effects
A: almost no armour, stealthy swim, amphibious, 8 rings, constrict 8, camouflage
1, gelatinous body 1
a: Evoke Invisibility


You were on level 5 of the Dungeon.
You were not hungry.

You visited 2 branches of the dungeon, and saw 6 of its levels.

You collected 324 gold pieces.

Inventory:

Hand Weapons
 a - a +0 long sword
 v - the +9 hunting sling "Torch" (weapon) {flame, +Inv rPois}
   (You found it on level 4 of the Dungeon)

   It causes projectiles fired from it to burn those they strike, causing extra
   injury to most foes and up to half again as much damage against particularly
   susceptible opponents.
   It protects you from poison.
   It lets you turn invisible.
Missiles
 w - 35 stones (quivered)
 y - 43 sling bullets
Armour
 b - a +0 shield (worn)
Jewellery
 i - a +4 ring of protection {unknown}
 p - an uncursed ring of stealth {unknown}
 q - an uncursed amulet of the gourmand {unknown}
Wands
 x - a wand of polymorph (5)
 P - a wand of paralysis (9)
 V - a wand of flame (24)
Scrolls
 f - 5 scrolls of teleportation {unknown}
 h - 4 scrolls of remove curse {unknown}
 j - 2 scrolls of enchant weapon {unknown}
 l - 2 scrolls of fear {unknown}
 o - a scroll of amnesia {unknown}
 r - a scroll of blinking {unknown}
 s - 4 scrolls of identify {unknown}
 t - a scroll of magic mapping {unknown}
 B - a scroll of enchant armour {unknown}
Potions
 c - a potion of might {Str+5 DMG+1d10 | @q3}
 d - 2 potions of berserk rage {unknown}
 e - 2 potions of lignification {unknown}
 g - 3 potions of heal wounds {unknown}
 k - a potion of degeneration {unknown}
 m - 2 potions of agility {unknown}
 n - a potion of haste {unknown}
 u - a potion of curing {unknown}
 A - a potion of cancellation {unknown}
Comestibles
 z - 16 rations


   Skills:
 + Level 5.8 Fighting
 + Level 5.2 Long Blades
 + Level 1.0 Slings
 + Level 5.8 Dodging
 + Level 5.8 Shields


You had 7 spell levels left.
You didn't know any spells.
Your spell library was empty.

Dungeon Overview and Level Annotations

Branches:
Dungeon (5/15)             Temple (1/1) D:4

Altars:
Ashenzari
Cheibriados
Dithmenos
Elyvilon
Hepliaklqana
Nemelex Xobeh
Okawaru
Qazlal
Trog
Wu Jian
Xom
Yredelemnul
Zin
The Shining One


Innate Abilities, Weirdness & Mutations

You cannot wear most types of armour.
You are very stealthy in the water. (Stealth+)
You are amphibious.
You can wear up to eight rings at the same time.
You can use your tentacles to constrict eight enemies at once.
Your skin changes colour to match your surroundings (Stealth+).
Your rubbery body absorbs attacks. (AC +1, EV +1)


Message History

You shoot a stone.
The stone barely misses the orc warrior.
The orc warrior hits you with a +0 dire flail.
You take 5 damage, and have 34/57 hp.
Firing (i - inventory. (/) - cycle)
w - 36 stones (quivered)
Press: ? - help, Shift-Dir - straight line, f/p - orc warrior
Aim: an orc warrior, wielding a +0 dire flail and wearing a +0 chain mail (severely wounded)
You shoot a stone.
The stone closely misses the orc warrior.
The stone barely misses the orc priest.
The orc priest calls upon Beogh to heal the orc warrior.
The orc warrior is healed somewhat.
The orc warrior hits you with a +0 dire flail!!
* * * LOW HITPOINT WARNING * * *
You take 23 damage, and have 11/57 hp.
MASSIVE DAMAGE!!
Unknown command.
There is a stone staircase leading down here.
The orc priest invokes the aid of Beogh against you.
Beogh smites you!
You die...

#.......##.####.≈≈≈P
#...#.#.##.##.PP≈♣♣≈
##.##.#.##.#.P.≈P♣♣♣
##.##........P.P♣♣ ♣
#.......####...≈♣♣ ♣
#..###..# ##.PP≈♣♣♣
##...##..#####.#≈≈♣♣P
#.....#.......(#PP≈≈≈ ##
#...@o.o######(##.PP.
)## #.......# ##..(#####
..# ##......# #..o..# #
).#### ###.#.##
#.......# # .##..##
######....###.....)...##
#'....#
............+....(....+.
##....#
######....###..>....(.##
.##..## ##.#.#
##......(## ..##'##
###.# ##.....##


You could see an orc warrior and an orc priest.

Vanquished Creatures
  Sigmund (D:5)
  Menkaure (D:5)
  An ice beast (D:5)
  An ogre (D:4)
  2 bullfrogs (D:5)
  A centaur zombie (D:5)
  4 crimson imps (D:5)
  2 orc priests (D:5)
  3 hounds
  A gnoll shaman (D:5)
  A centaur skeleton (D:4)
  A jelly (D:5)
  Jessica (D:3)
  Ijyb (D:5)
  An iguana (D:5)
  2 worker ants (D:5)
  6 adders
  A shadow imp (D:5)
  3 oozes
  An adder skeleton (D:5)
  2 dart slugs
  4 leopard geckos
  7 orcs
  2 ball pythons
  2 giant cockroaches
  7 hobgoblins
  13 jackals
  10 kobolds
  2 quokkas
  6 bats
  4 frilled lizards
  7 goblins
  A jackal skeleton (D:5)
  A leopard gecko skeleton (D:4)
  7 rats
110 creatures vanquished.

Notes
Turn   | Place    | Note
-------+----------+-------------------------------------------
     0 | D:1      | Redear the Octopode Fighter began the quest for the Orb.
     0 | D:1      | Reached XP level 1. HP: 16/16 MP: 1/1
   211 | D:1      | Reached XP level 2. HP: 11/21 MP: 2/2
   425 | D:1      | Reached XP level 3. HP: 24/26 MP: 3/3
  1521 | D:3      | Reached XP level 4. HP: 27/31 MP: 4/4
  1671 | D:3      | Found a shattered altar of Ashenzari.
  1747 | D:3      | Noticed Jessica
  1753 | D:3      | Killed Jessica
  1982 | D:3      | Found an ornate altar of the Wu Jian Council.
  2032 | D:3      | Reached XP level 5. HP: 37/37 MP: 5/5
  2168 | D:4      | Noticed an ogre
  2461 | D:4      | Reached skill level 3 in Long Blades
  2470 | D:4      | Killed an ogre
  2470 | D:4      | Reached skill level 4 in Fighting
  2470 | D:4      | Reached skill level 4 in Dodging
  2470 | D:4      | Reached skill level 4 in Shields
  2476 | D:4      | Found a staircase to the Ecumenical Temple.
  2492 | Temple   | Entered the Ecumenical Temple
  2609 | D:4      | Reached XP level 6. HP: 30/43 MP: 6/6
  3121 | D:4      | Got a shimmering hunting sling
  3123 | D:4      | Identified the +9 hunting sling "Torch" {flame, +Inv rPois}
                  | (You found it on level 4 of the Dungeon)
  3179 | D:5      | Entered Level 5 of the Dungeon
  3205 | D:5      | Noticed Ijyb
  3220 | D:5      | Killed Ijyb
  3273 | D:5      | Noticed Sigmund
  3280 | D:5      | Killed Sigmund
  3280 | D:5      | Reached skill level 4 in Long Blades
  3280 | D:5      | Reached XP level 7. HP: 35/49 MP: 7/7
  3384 | D:5      | Reached skill level 5 in Fighting
  3384 | D:5      | Reached skill level 5 in Shields
  3416 | D:5      | Noticed Menkaure
  3418 | D:5      | Killed Menkaure
  3418 | D:5      | Reached skill level 5 in Dodging
  3512 | D:5      | Reached XP level 8. HP: 55/55 MP: 8/8
  3583 | D:5      | Reached skill level 5 in Long Blades
  4436 | D:5      | Reached skill level 1 in Slings
  4451 | D:5      | Killed from afar by an orc priest

Levels and vault maps discovered:
D:1:      matt_arrival_spirals, layout_basic
D:2:      layout_loops_cross, first_ration
D:3:      layout_loops_cross, lemuel_doored_altar,
          ashenzari_conservatory_becter, uniq_jessica
D:4:      layout_loops_ring, minmay_temple_entry_overgrown
D:5:      minmay_bubble_buster, layout_loops_corners, serial_bayou_pond_c,
          roderic_nine_men_s_morris, uniq_sigmund, uniq_menkaure, uniq_ijyb
Temple:   nicolae_temple_hex_pool

Skill      XL: |  1  2  3  4  5  6  7  8 |
---------------+-------------------------+-----
Long Blades    | 3 4 5 |  5.2
Fighting       | 4 5 |  5.8
Dodging        | 4 5 |  5.8
Shields        | 4 5 |  5.8
Slings         | 1 |  1.0

Action                   |  1- 3 |  4- 6 |  7- 9 || total
-------------------------+-------+-------+-------++-------
Melee: Long sword        |    63 |    58 |    50 ||   171
       Constrict         |    22 |    12 |    18 ||    52
       Tentacles         |    15 |    13 |    18 ||    46
       Unarmed           |       |    11 |       ||    11
 Fire: Hunting sling     |       |    15 |    45 ||    60
 Stab: Sleeping          |     9 |     5 |     2 ||    16
  Eat: Chunk             |     1 |     6 |     4 ||    11
Armor: Skin              |     2 |     2 |     1 ||     5
Dodge: Dodged            |    22 |    31 |    29 ||    82
Block: Shield            |    17 |    17 |    27 ||    61
       Rpst.: Long sword |     4 |     3 |     8 ||    15

Table legend:
 A = Non-vault XP
 B = Vault XP
 C = Vault XP percentage of total XP
 D = Non-vault monster count
 E = Vault monster count
 F = Vault count percentage of total count
                 A         B        C        D         E       F
            +---------+---------+-------+---------+---------+-------
      Total |     935 |     885 |  48.6 |      93 |      17 |  15.5
            +---------+---------+-------+---------+---------+-------
        D:1 |      43 |       0 |   0.0 |      20 |       0 |   0.0
        D:2 |      36 |       0 |   0.0 |      14 |       0 |   0.0
        D:3 |      51 |      37 |  42.0 |      23 |       1 |   4.2
        D:4 |     226 |       0 |   0.0 |       9 |       0 |   0.0
        D:5 |     579 |     848 |  59.4 |      27 |      16 |  37.2
            +---------+---------+-------+---------+---------+-------
